 Dungeon Crawl Stone Soup version 0.30.1 (webtiles) character file.

Game seed: 18216649845855321678

203382 Pepete the Impregnable (level 17, -26/155 HPs)
             Began as a Minotaur Berserker on July 11, 2023.
             Was the Champion of Trog.
             Annihilated by an enormous slime creature (55 damage)
             ... on level 4 of the Pits of Slime.
             The game lasted 01:06:27 (41865 turns).

Pepete the Impregnable (Minotaur Berserker)        Turns: 41865, Time: 01:06:28

Health: -26/155    AC: 35    Str: 33    XL:     17   Next: 97%
Magic:  12/12      EV: 10    Int:  9    God:    Trog [******]
Gold:   429        SH:  0    Dex: 12    Spells: 16/16 levels left

rFire   . . .        E - +9 sword of Power {lifebolt}
rCold   x x .        (shield currently unavailable)
rNeg    . . .        b - +15 Maxwell's patent armour {-Cast -Tele rElec Will+ rCorr}
rPois   +            (helmet restricted)
rElec   +            e - +1 cloak
rCorr   +            T - +0 pair of gloves "Coil" {*Corrode +Inv rPois Str+4}
SInv    .            R - +1 pair of boots
Will    ++...        S - amulet "Iruosaip" {Faith rCorr Int+5 Dex+3} Stlth
                     l - +4 ring of protection
HPRegen 0.00/turn    P - ring of poison resistance
MPRegen 0.13/turn

%: no teleportation, no spellcasting, corrode self (3%), faith
@: confused, corroded, on berserk cooldown, inhibited regen, hasted and slowed,
studying 2 skills
A: horns 2, retaliatory headbutt, clumsy 1, frail 1, low MP 2, inhibited
regeneration, no potion heal 1, cold vulnerability 2, subdued magic 1
}: 1/15 runes: serpentine
a: Renounce Religion, Evoke Invisibility, Berserk, Trog's Hand, Brothers in Arms


You were on level 4 of the Pits of Slime.
You worshipped Trog.
Trog was exalted by your worship.
You visited 5 branches of the dungeon, and saw 30 of its levels.
You also visited: Bailey.

You collected 2990 gold pieces.
You spent 2561 gold pieces at shops.

Inventory:

Hand Weapons
 a - a +1 hand axe of venom
 j - the +6 falchion of Famine {freeze, rN++ rCorr Int-3}
   (You bought it in a shop on level 2 of the Orcish Mines)

   Int:       It affects your intelligence (-3).
   rN:        It greatly protects you from negative energy.
   rCorr:     It protects you from acid and corrosion.
 p - a +0 war axe
 B - a +2 antimagic executioner's axe
 E - the +9 sword of Power (weapon) {lifebolt}
   (You found it on level 9 of the Dungeon)
 G - a +0 broad axe of flaming
 I - a +2 heavy battleaxe
Missiles
 y - 63 poisoned darts (quivered)
 z - 4 throwing nets
 D - 8 atropa-tipped darts
Armour
 b - the +15 Maxwell's patent armour (worn) {-Cast -Tele rElec Will+ rCorr}
   (You acquired it on level 2 of the Dungeon)

   rElec:     It insulates you from electricity.
   -Cast:     It prevents spellcasting.
   -Tele:     It prevents most forms of teleportation.
   rCorr:     It protects you from acid and corrosion.
   Will:      It increases your willpower.
 e - a +1 cloak (worn)
 F - +0 fire dragon scales
 R - a +1 pair of boots (worn)
 T - the +0 pair of gloves "Coil" (worn) {*Corrode +Inv rPois Str+4}
   (You acquired it on level 15 of the Dungeon)

   Str:       It affects your strength (+4).
   rPois:     It protects you from poison.
   +Inv:      It lets you turn invisible.
   *Corrode:  It may corrode you when you take damage.
Jewellery
 k - an amulet of regeneration
 l - a +4 ring of protection (left hand)
 N - an amulet of reflection
 P - a ring of poison resistance (right hand)
 S - the amulet "Iruosaip" (around neck) {Faith rCorr Int+5 Dex+3}
   (You bought it in a shop on level 15 of the Dungeon)

   [amulet of faith]

   It allows you to gain divine favour quickly.
   Int:       It affects your intelligence (+5).
   Dex:       It affects your dexterity (+3).
   rCorr:     It protects you from acid and corrosion.
Wands
 f - a wand of charming (18)
 u - a wand of flame (9)
 v - a wand of mindburst (15)
 C - a wand of iceblast (14)
 K - a wand of light (2)
 O - a wand of polymorph (14)
Scrolls
 d - 5 scrolls of fog
 g - 4 scrolls of poison
 i - 2 scrolls of enchant weapon
 m - a scroll of blinking
 q - 2 scrolls of butterflies
 r - 2 scrolls of enchant armour
 x - 12 scrolls of teleportation
 M - 5 scrolls of identify
 V - a scroll of silence
 Y - a scroll of magic mapping
Potions
 c - 2 potions of invisibility
 h - 2 potions of might
 n - 3 potions of resistance
 o - a potion of berserk rage
 t - 9 potions of curing
 H - 2 potions of flight
 J - 2 potions of ambrosia
 Q - 2 potions of magic
 U - 3 potions of haste
 X - a potion of cancellation


   Skills:
 + Level 21.4 Fighting
 * Level 22.9 Long Blades
 - Level 14.2 Axes
 + Level 23.6 Armour
 - Level 2.1 Dodging


You had 16 spell levels left.
You didn't know any spells.
Your spell library was empty.

Dungeon Overview and Level Annotations

Branches:
Dungeon (15/15)            Temple (0/1) D:5            Lair (5/5) D:10
 Shoals (0/4) Lair:2        Snake (4/4) Lair:2        Slime (4/5) Lair:5
    Orc (2/2) D:12            Elf (0/3) Orc:2        Vaults (0/5) D:13
 Depths (0/4) D:15         Bailey (visited)

Altars:
Dithmenos
Fedhas
Gozag
Makhleb
Qazlal
Xom
Zin
The Shining One
Jiyva

Shops:
D:1 [?   D:5 (   D:8 (   D:11 (   D:15 *   Orc:2 (*=*   Snake:4 [

Portals:
Hell: Lair:5
Pandemonium: Orc:2

Annotations:
D:8 2 transporters, Fractals's ghost, novice KoBr
D:14 exclusion: obsidian statue
Lair:1 3 runed translucent doors, Perinia's ghost, novice DrFE
Lair:4 2 transporters, Babbit's ghost, journeyman MiFi


Innate Abilities, Weirdness & Mutations

You have a pair of horns on your head.
You reflexively headbutt those who attack you in melee.
You are clumsy. (Dex -2)
You are frail. (-10% HP)
Your magical capacity is very low. (-20% MP)
You do not regenerate when monsters are visible.
Potions are less effective at restoring your health.
You are very vulnerable to cold. (rC--)
Your spells are a little easier to cast, but a little less powerful.


Message History

The golden eye blinks at you. You resist with some effort.
You slice the slime creature!! You headbutt the slime creature.
The slime creature is severely wounded.
Two slime creatures merge to form an enormous slime creature.
The slime creature closely misses you. The golden eye blinks at you.
You resist with almost no effort. The golden eye blinks at you.
You resist with almost no effort.
The slime creature attacks as you move away!
The slime creature misses you. The slime creature hits you.
* * * LOW HITPOINT WARNING * * *
An enormous slime creature splits.
Two slime creatures merge to form a large slime creature.
The golden eye blinks!
Acid dripping from the walls corrodes you.
The golden eye blinks at you.
You are confused.
The golden eye blinks at you.
You are more confused.
You bump into the slime covered rock wall.
The golden eye blinks at you.
You easily resist.
The golden eye blinks!
The large slime creature hits you!
* * * LOW HITPOINT WARNING * * *
You slash the large slime creature! You headbutt the large slime creature.
The large slime creature is moderately wounded.
The golden eye blinks at you.
You easily resist.
Two slime creatures merge to form an enormous slime creature.
The golden eye blinks at you. You resist with some effort.
The golden eye blinks at you. You resist with almost no effort.
The golden eye blinks!
Acid dripping from the walls corrodes you.
The large slime creature hits you but does no damage.
The golden eye blinks!
The enormous slime creature attacks as you move away!
The enormous slime creature hits you!!!
You die...

...........#......#.....##..
............##.#........#....
.........G...#.#..............
............................#.#
........>....................#
.........§...............#..##
................#.........#####
.............#...#........###.#
............#J@....G......##...
.............§J............#..#
..#.#................#........
..#.#......#.......#........#
.....................#.......#
........##..#.#.....^##.......
#.......####.####.#.......#....
......... ...# ###...##.#.#...
#.##..... ##.## ##.##.....#..


You could see an enormous slime creature, a large slime creature and 2 golden
eyes.

Vanquished Creatures
  Vashnia (Snake:4)
  Saint Roka (Snake:4)
  Nikola (Snake:1)
  Jorgrun (Snake:1)
  Frances (Snake:1)
  4 acid blobs
  Agnes (D:14)
  7 nagarajas (Snake:4)
  5 rockslimes
  6 azure jellies
  An ironbound preserver (D:13)
  Aizul (Snake:1)
  3 quicksilver oozes
  Nessos (Lair:4)
  The ghost of ryak the Convoker, a journeyman FeSu of Gozag (Snake:4)
  2 dire elephants (Lair:5)
  2 ettins (Orc:2)
  2 fire dragons
  Harold (D:10)
  3 great orbs of eyes
  Fannar (Lair:3)
  A salamander tyrant (Snake:4)
  An ice dragon (D:15)
  9 hydras
  7 centaur warriors
  A catoblepas (Lair:5)
  Erica (D:10)
  An ogre mage (Orc:1)
  9 naga warriors
  8 two-headed ogres
  6 anacondas
  A demonspawn (Orc:2)
  2 boulder beetles
  A dancing weapon (Snake:4)
  11 death yaks
  A tengu warrior (D:9)
  9 naga sharpshooters (Snake:4)
  10 orc high priests
  A sun demon (Orc:2)
  9 shock serpents
  Urug (Lair:5)
  Nergalle (D:10)
  2 skysharks
  3 naga ritualists
  A sixfirhy (Lair:5)
  A salamander mystic (Snake:3)
  5 sea snakes (Snake:4)
  3 skeletal warriors (D:15)
  A sea snake (shapeshifter) (D:15)
  2 deep elf pyromancers
  4 orc knights (Orc:2)
  A wizard (Lair:5)
  5 mana vipers
  5 orc sorcerers
  2 shining eyes (Slime:4)
  A wolf spider (D:13)
  An oklob plant (Lair:4)
  11 salamanders
  3 cyclopes
  18 ugly things
  5 manticores
  4 guardian serpents (Snake:4)
  13 elephants
  A rust devil (Orc:2)
  A water nymph (Lair:2)
  Joseph (D:7)
  28 black mambas
  58 slime creatures
  9 naga magi
  Maggie (Lair:1)
  A smoke demon (Lair:5)
  A gargoyle (D:12)
  13 cane toads
  An orange demon (Lair:5)
  A kobold demonologist (D:14)
  2 rime drakes
  An unseen horror (D:11)
  5 yaktaurs (D:15)
  A freezing wraith (D:15)
  5 komodo dragons
  3 red devils (Lair:5)
  2 ice devils (Lair:5)
  9 trolls
  3 meliai (D:15)
  A polar bear (shapeshifter) (D:15)
  2 hellwings (Orc:2)
  A polar bear (Lair:4)
  A raiju (shapeshifter) (D:14)
  3 hornets
  Grinder (D:5)
  6 dream sheep (Lair:5)
  25 blink frogs
  A shadow (D:12)
  Sigmund (D:2)
  4 wyverns
  Eustachio (D:6)
  9 basilisks
  2 wraiths
  A golden eye (Slime:4)
  3 steam dragons
  39 yaks
  5 vampire mosquitoes
  Menkaure (D:5)
  3 wargs
  6 acid dragons
  34 nagas
  10 water moccasins
  3 hell hounds (Lair:5)
  3 black bears
  31 orc warriors
  2 sky beasts
  An ice beast (shapeshifter) (D:14)
  5 ogres
  5 wolves
  12 centaurs
  A phantom (D:5)
  Blork the orc (D:6)
  15 bullfrogs
  12 kobold brigands
  4 scorpions
  6 wights
  20 killer bees
  6 howler monkeys
  An electric eel (Lair:2)
  A crimson imp (D:14)
  A quasit (D:14)
  4 jellies
  24 orc priests
  3 hounds
  Crazy Yiuf (D:2)
  3 iguanas
  18 orc wizards
  18 gnolls
  7 adders
  A shadow imp (D:8)
  3 white imps
  2 ufetubi
  A worm (D:3)
  2 dart slugs
  68 orcs
  6 endoplasms
  4 giant cockroaches (D:1)
  13 goblins
  8 hobgoblins
  4 jackals (D:1)
  3 quokkas
  3 training dummies (D:8)
  6 ball pythons
  4 bats
  4 frilled lizards
  43 kobolds
  10 rats
928 creatures vanquished.

Vanquished Creatures (collateral kills)
  2 death yaks (Lair:2)
2 creatures vanquished.

Vanquished Creatures (others)
  A guardian serpent (Snake:4)
  A wight (D:10)
2 creatures vanquished.

Grand Total: 932 creatures vanquished

Notes
Turn   | Place    | Note
-------+----------+-------------------------------------------
     0 | D:1      | Pepete the Minotaur Berserker began the quest for the Orb.
     0 | D:1      | Reached XP level 1. HP: 19/19 MP: 0/0
   118 | D:1      | Reached XP level 2. HP: 26/27 MP: 1/1
   410 | D:1      | Reached skill level 3 in Armour
   502 | D:1      | Reached ** piety under Trog
   881 | D:1      | Reached XP level 3. HP: 33/33 MP: 2/2
   895 | D:1      | Found Aceo's Antique Armour Emporium.
  1294 | D:1      | Found Omomn's Magic Scroll Shoppe.
  1695 | D:2      | Identified 3 scrolls of acquirement
  1695 | D:2      | Acquired a manual of Axes
  1699 | D:2      | Acquired the +15 Maxwell's patent armour {-Cast -Tele rElec
                  | Will+ rCorr}
  1699 | D:2      | Found the +15 Maxwell's patent armour {-Cast -Tele rElec
                  | Will+ rCorr}
  1711 | D:2      | Acquired a manual of Armour
  1799 | D:2      | Noticed Sigmund
  1808 | D:2      | Killed Sigmund
  1809 | D:2      | Reached skill level 5 in Fighting
  1809 | D:2      | Reached skill level 5 in Axes
  1809 | D:2      | Reached skill level 5 in Armour
  1809 | D:2      | Reached XP level 4. HP: 42/42 MP: 3/3
  1809 | D:2      | Reached XP level 5. HP: 48/48 MP: 4/4
  1810 | D:2      | Reached skill level 6 in Armour
  2267 | D:2      | Found a runed translucent door.
  2268 | D:2      | Noticed Crazy Yiuf
  2315 | D:2      | Killed Crazy Yiuf
  2316 | D:2      | Reached XP level 6. HP: 57/57 MP: 5/5
  2745 | D:3      | Found a stormy altar of Qazlal.
  2752 | D:3      | Found a burning altar of Makhleb.
  3109 | D:4      | Reached *** piety under Trog
  3110 | D:4      | Reached skill level 7 in Armour
  3360 | D:4      | Identified the +5 chain mail of the Hanged Man {Contam
                  | Rampage rPois Will++}
  3602 | D:5      | Entered Level 5 of the Dungeon
  3602 | D:5      | Found a staircase to the Ecumenical Temple.
  3651 | D:5      | Reached skill level 8 in Armour
  3651 | D:5      | Reached XP level 7. HP: 64/64 MP: 6/6
  3721 | D:5      | Reached skill level 9 in Armour
  4012 | D:5      | Found Wocorch's Weapon Shop.
  4206 | D:5      | Reached skill level 10 in Armour
  4206 | D:5      | Reached XP level 8. HP: 73/74 MP: 7/7
  4219 | D:5      | Identified the +7 dagger of Nilebomae {venom, rPois rC+
                  | Int+3}
  4558 | D:5      | Noticed Menkaure
  4563 | D:5      | Killed Menkaure
  4619 | D:5      | Noticed Grinder
  4628 | D:5      | Killed Grinder
  4629 | D:5      | Reached skill level 11 in Armour
  5124 | D:6      | Reached skill level 12 in Armour
  5189 | D:6      | Found an opulent altar of Gozag.
  5528 | D:6      | Reached XP level 9. HP: 84/84 MP: 8/8
  5546 | D:6      | Noticed Eustachio
  5554 | D:6      | Reached **** piety under Trog
  5583 | D:6      | Killed Eustachio
  5822 | D:6      | Noticed Blork the orc
  5829 | D:6      | Killed Blork the orc
  5830 | D:6      | Reached skill level 10 in Fighting
  5830 | D:6      | Reached skill level 13 in Armour
  5994 | D:7      | Reached skill level 10 in Axes
  6054 | D:7      | Noticed Joseph
  6070 | D:7      | Killed Joseph
  6071 | D:7      | Reached skill level 14 in Armour
  6408 | D:8      | Found a transporter.
  6408 | D:8      | Found a transporter.
  6451 | D:8      | Found Bera's Firing Range.
  6458 | D:8      | Reached skill level 15 in Armour
  6465 | D:8      | Reached XP level 10. HP: 96/96 MP: 9/9
  6491 | D:8      | Noticed a cyclops
  6500 | D:8      | Killed a cyclops
  6789 | D:8      | Found a glowing golden altar of the Shining One.
  6819 | D:8      | Noticed a two-headed ogre
  6830 | D:8      | Killed a two-headed ogre
  6831 | D:8      | Reached skill level 16 in Armour
  7000 | D:8      | Identified the +4 ring mail "Zurphaf" {rC+ Dex+2 SInv}
  7001 | D:8      | Noticed Fractals's ghost (novice KoBr)
  7005 | D:8      | Identified the ring of Ziutz {rPois rN+ AC+4 Int-3 SInv}
  7640 | D:9      | Found a flagged portal.
  7656 | Bailey   | Entered a bailey
  7897 | Bailey   | Reached ***** piety under Trog
  8018 | D:9      | Identified the orb of Xucim {light, *Corrode Dex+3 Slay+2}
  8018 | D:9      | Noticed a two-headed ogre
  8027 | D:9      | Killed a two-headed ogre
  8083 | D:9      | Reached XP level 11. HP: 107/107 MP: 10/10
  8325 | D:9      | Noticed a centaur warrior
  8356 | D:9      | Reached skill level 17 in Armour
  8423 | D:9      | Killed a centaur warrior
  8551 | D:9      | Noticed a two-headed ogre
  8563 | D:9      | Killed a two-headed ogre
  8852 | D:9      | Noticed a tengu warrior
  8852 | D:9      | Found the +9 sword of Power {lifebolt}
  8866 | D:9      | Killed a tengu warrior
  8959 | D:10     | Entered Level 10 of the Dungeon
  8960 | D:10     | Found a staircase to the Lair.
  9000 | D:10     | Noticed Harold
  9012 | D:10     | Noticed Erica
  9015 | D:10     | Reached skill level 1 in Long Blades
  9017 | D:10     | Killed Harold
  9022 | D:10     | Reached skill level 18 in Armour
  9025 | D:10     | Killed Erica
  9088 | D:10     | Noticed Nergalle
  9105 | D:10     | Killed Nergalle
  9925 | Lair:1   | Entered Level 1 of the Lair of Beasts
  9928 | Lair:1   | Found a runed translucent gate.
  9929 | Lair:1   | Found a runed translucent gate.
  9929 | Lair:1   | Found a runed translucent gate.
  9933 | Lair:1   | Noticed Perinia's ghost (novice DrFE)
 10174 | Lair:1   | Reached XP level 12. HP: 118/118 MP: 11/11
 10177 | Lair:1   | Reached skill level 5 in Long Blades
 10195 | Lair:1   | Noticed Maggie
 10201 | Lair:1   | Killed Maggie
 10397 | Lair:1   | Noticed a death yak
 10398 | Lair:1   | Noticed a death yak
 10399 | Lair:1   | Noticed a death yak
 10399 | Lair:1   | Noticed a death yak
 10401 | Lair:1   | Noticed a death yak
 10410 | Lair:1   | Killed a death yak
 10411 | Lair:1   | Reached skill level 15 in Fighting
 10416 | Lair:1   | Killed a death yak
 10417 | Lair:1   | Killed a death yak
 10419 | Lair:1   | Killed a death yak
 10420 | Lair:1   | Killed a death yak
 11962 | Lair:2   | Found a staircase to the Snake Pit.
 11968 | Lair:2   | Received a gift from Trog
 12117 | Lair:2   | Noticed a death yak
 12118 | Lair:2   | Noticed a death yak
 12118 | Lair:2   | Noticed a death yak
 12122 | Lair:2   | Killed a death yak
 12122 | Lair:2   | Killed a death yak
 12124 | Lair:2   | Killed a death yak
 12125 | Lair:2   | Reached skill level 19 in Armour
 12291 | Lair:2   | Reached skill level 10 in Long Blades
 12582 | Lair:2   | Noticed a six-headed hydra
 12594 | Lair:2   | Reached XP level 13. HP: 127/128 MP: 12/12
 13259 | Lair:3   | Noticed Fannar
 13939 | Lair:3   | Killed Fannar
 13983 | Lair:4   | Noticed Nessos
 13989 | Lair:4   | Killed Nessos
 14401 | Lair:4   | Found a transporter.
 14412 | Lair:4   | Found a transporter.
 14654 | Lair:4   | Noticed Babbit's ghost (journeyman MiFi)
 15416 | Lair:5   | Entered Level 5 of the Lair of Beasts
 15699 | Lair:5   | Reached skill level 20 in Armour
 15699 | Lair:5   | Reached XP level 14. HP: 110/140 MP: 13/13
 15762 | Lair:5   | Noticed Urug
 15770 | Lair:5   | Killed Urug
 16406 | Lair:5   | Found a viscous altar of Jiyva.
 16408 | Lair:5   | Found a staircase to the Slime Pits.
 16727 | Lair:5   | Reached skill level 15 in Long Blades
 16739 | Lair:5   | Found a burning altar of Makhleb.
 17088 | Lair:5   | Found a gateway to Hell.
 17095 | Lair:5   | Identified the +7 war axe "Qutsetho" {flame, rN+ Str-3
                  | Dex+6 SInv}
 17533 | D:11     | Found Zuarhica's Antique Weapon Emporium.
 18330 | D:12     | Found a staircase to the Orcish Mines.
 20128 | D:13     | Noticed an ironbound preserver
 20130 | D:13     | Found a gate to the Vaults.
 20228 | Orc:1    | Entered Level 1 of the Orcish Mines
 20480 | Orc:1    | Reached XP level 15. HP: 128/149 MP: 14/14
 20809 | Orc:1    | You fall into a shaft and drop 1 floor!
 20809 | Orc:2    | Entered Level 2 of the Orcish Mines
 20821 | Orc:2    | Reached skill level 21 in Armour
 21476 | Orc:2    | Found a staircase to the Elven Halls.
 22143 | Orc:2    | Found Gyonaad's General Store.
 22151 | Orc:2    | Found Nasunais's General Store.
 23177 | Orc:2    | Found Jeodgh's Antique Weapon Shoppe.
 23177 | Orc:2    | Found Ekhlaj's Jewellery Emporium.
 23238 | Orc:2    | Found a one-way gate leading to the halls of Pandemonium.
 23240 | Orc:2    | Bought a crystal falchion for 248 gold pieces
 23240 | Orc:2    | Identified the +6 falchion of Famine {freeze, rN++ rCorr
                  | Int-3} (You bought it in a shop on level 2 of the Orcish
                  | Mines)
 23242 | Orc:2    | Bought a +4 ring of protection for 504 gold pieces
 23608 | D:13     | Found a glowing silver altar of Zin.
 24211 | D:14     | Found a shadowy altar of Dithmenos.
 24246 | D:14     | Noticed Agnes
 24252 | D:14     | Killed Agnes
 24521 | D:14     | Received a gift from Trog
 25635 | D:15     | Entered Level 15 of the Dungeon
 26256 | D:15     | Reached XP level 16. HP: 160/160 MP: 15/15
 26542 | D:15     | Reached ****** piety under Trog
 26603 | D:15     | Found Haibiask's Assorted Antiques.
 26612 | D:15     | Bought an encrusted tourmaline ring for 135 gold pieces
 26612 | D:15     | Bought a potion of heal wounds for 135 gold pieces
 26612 | D:15     | Bought a scintillating amethyst amulet for 135 gold pieces
 26612 | D:15     | Identified the amulet "Iruosaip" {Faith rCorr Int+5 Dex+3}
                  | (You bought it in a shop on level 15 of the Dungeon)
 26612 | D:15     | Bought a scroll of acquirement for 1404 gold pieces
 26613 | D:15     | Acquired the +0 pair of gloves "Coil" {*Corrode +Inv rPois
                  | Str+4}
 26700 | D:15     | Found a shadowy altar of Dithmenos.
 26984 | D:15     | Found a staircase to the Depths.
 27492 | Snake:1  | Entered Level 1 of the Snake Pit
 27521 | Snake:1  | Noticed Nikola
 27535 | Snake:1  | Killed Nikola
 27537 | Snake:1  | Reached skill level 22 in Armour
 27603 | Snake:1  | Noticed Aizul
 27614 | Snake:1  | Noticed Frances
 27617 | Snake:1  | Killed Aizul
 27817 | Snake:1  | Killed Frances
 27882 | Snake:1  | Found a blossoming altar of Fedhas.
 28436 | Snake:1  | Noticed Jorgrun
 28447 | Snake:1  | Killed Jorgrun
 28846 | Snake:2  | Received a gift from Trog
 30248 | Snake:3  | Identified the +5 shortbow "Wafaef" {flame, rN+ Str+4
                  | Int+5}
 30376 | Snake:3  | Identified the +12 scimitar "Koceis" {protect, rElec rCorr
                  | Str+4}
 30850 | Snake:4  | Entered Level 4 of the Snake Pit
 31897 | Snake:4  | Noticed Vashnia
 32213 | Snake:4  | Killed Vashnia
 32464 | Snake:4  | Noticed Saint Roka
 32479 | Snake:4  | Killed Saint Roka
 32530 | Snake:4  | Found a runed translucent door.
 32531 | Snake:4  | Found a shimmering altar of Xom.
 32531 | Snake:4  | Noticed ryak's ghost (journeyman FeSu)
 32548 | Snake:4  | Killed ryak's ghost
 32573 | Snake:4  | Identified the +10 eveningstar "Saalemaa" {spect, Fragile
                  | Str+3 Dex+2}
 32709 | Snake:4  | Received a gift from Trog
 33169 | Snake:4  | Reached XP level 17. HP: 168/171 MP: 16/16
 33651 | Snake:4  | Found Duwaor's Armour Boutique.
 35032 | Snake:4  | Reached skill level 23 in Armour
 36300 | Snake:4  | Got a serpentine rune of Zot
 36512 | Slime:1  | Entered Level 1 of the Pits of Slime
 37381 | Slime:1  | Found a viscous altar of Jiyva.
 38818 | Slime:3  | Noticed an acid blob
 38825 | Slime:3  | Killed an acid blob
 38978 | Slime:3  | Noticed an acid blob
 38984 | Slime:3  | Killed an acid blob
 39333 | Slime:3  | Noticed an acid blob
 39341 | Slime:3  | Killed an acid blob
 39894 | Slime:4  | Paralysed by a great orb of eyes for 2 turns
 40144 | Slime:4  | Paralysed by a great orb of eyes for 4 turns
 40783 | Slime:4  | Gained mutation: Potions are less effective at restoring
                  | your health. [a shining eye]
 40786 | Slime:4  | Gained mutation: Your spells are a little easier to cast,
                  | but a little less powerful. [a shining eye]
 40792 | Slime:4  | Gained mutation: You do not regenerate when monsters are
                  | visible. [a shining eye]
 40793 | Slime:4  | Gained mutation: You are clumsy. (Dex -2) [a shining eye]
 40973 | Slime:4  | Gained mutation: Your magical capacity is low. (-10% MP) [a
                  | shining eye]
 40980 | Slime:4  | Gained mutation: You are vulnerable to cold. (rC-) [a
                  | shining eye]
 40982 | Slime:4  | Gained mutation: Your magical capacity is very low. (-20%
                  | MP) [a shining eye]
 40983 | Slime:4  | Gained mutation: You are very vulnerable to cold. (rC--) [a
                  | shining eye]
 40984 | Slime:4  | Gained mutation: You are frail. (-10% HP) [a shining eye]
 41760 | Slime:4  | Noticed an acid blob
 41766 | Slime:4  | Killed an acid blob
 41865 | Slime:4  | Annihilated by an enormous slime creature

Illustrated notes

Levels and vault maps discovered:
D:1:      amcnicky_arrival_underground_garden, layout_basic, serial_shops,
          nicolae_shop_just_a_little_nook, nicolae_shop_rolled_up,
          lexackson_kobold_supper
D:2:      layout_rooms, uniq_crazy_yiuf_cottage, uniq_sigmund
D:3:      layout_basic, amethyst_overflow_temple_binary
D:4:      layout_loops_cross
D:5:      layout_basic, minmay_temple_entry_mist, corner_web_ring,
          nicolae_stop_n_shop_1, uniq_menkaure, uniq_grinder
D:6:      layout_cave_pods, grunt_gozag_breadcrumbs, uniq_blork_the_orc,
          uniq_eustachio
D:7:      layout_layer_cave, uniq_joseph
D:8:      layout_basic, mainiacjoe_overflow_tiny_flanked,
          gammafunk_ghost_gnarly_gnolls, minmay_misc_feat_roman,
          nicolae_shop_firing_range
D:9:      kennysheep_windowed_halls, layout_small_grid,
          lightli_bailey_entry_fortress, minivault_1, dk_noncrumbling_3
D:10:     layout_long_grid, lair_entry_dummy, uniq_erica, uniq_nergalle,
          uniq_harold
D:11:     layout_basic, serial_shops, nicolae_square_shop,
          hangedman_abyss_or_decor_passed
D:12:     layout_basic, minmay_orc_entry_temple_small
D:13:     layout_grid_maze, skrybe_vaults_entry_preservation, zin_statuary
D:14:     kennysheep_kobold_grotto, layout_loops_ring, grunt_dithmenos_smoke,
          uniq_agnes
D:15:     grunt_enter_depths_hoard, layout_basic, serial_rivers,
          chequers_serial_rivers_large_a, chequers_serial_rivers_room_b,
          chequers_serial_rivers_micro_b, chequers_serial_rivers_micro_d,
          serial_shops, shop, old_standard_altar
Lair:1:   layout_long_grid, gammafunk_ghost_necromancy, grunt_megastairs_5,
          uniq_maggie
Lair:2:   nzn_winding_woodlands_stair_cross
          [nzn_winding_woodlands_5x15_pathside_ponds,
          nzn_winding_woodlands_center_triple_pond,
          nzn_winding_woodlands_5x15_cabin, nzn_winding_woodlands_5x5_cross,
          nzn_winding_woodlands_5x5_three, nzn_winding_woodlands_5x15_eye,
          nzn_winding_woodlands_center_lodge, nzn_winding_woodlands_5x15_pool],
          layout_loops_ring, nicolae_shoals_entry_flooding,
          minmay_snake_entry_guardpost_small, nicolae_quartered_pool_impasse
Lair:3:   layout_misc_corridors, lemuel_old_faithful, uniq_fannar
Lair:4:   layout_regular_city, nzn_ghost_randoct, minmay_lair_oklob_bushes,
          uniq_nessos
Lair:5:   evil_forest, layout_small_grid, slime_entry_1, uniq_urug
Snake:1:  layout_concentric_octagons, basic_altar, uniq_aizul, uniq_nikola,
          uniq_frances, uniq_jorgrun
Snake:2:  layout_grid_maze
Snake:3:  layout_chambers
Snake:4:  grunt_snake_rune_pools, layout_rooms, serial_shops, shop,
          ebering_ghost_xom, st_stairs_8, nicolae_snake_slithery_hallway,
          uniq_vashnia, uniq_saint_roka
Slime:1:  layout_caves, basic_altar
Slime:2:  layout_caves
Slime:3:  layout_caves
Slime:4:  layout_caves
Orc:1:    layout_diamond_mine, basic_altar
Orc:2:    pf_orc_diabolical, layout_caves

Skill      XL: |  1  2  3  4  5  6  7  8  9 10 11 12 13 14 15 16 17 |
---------------+----------------------------------------------------+-----
Fighting       | 4 5 6 7 9 11 13 14 15 17 18 19 20 21 | 21.4
Armour         | 3 5 6 8 10 12 15 16 18 19 20 21 22 23 | 23.6
Axes           | 4 5 6 7 9 11 13 14 | 14.2
Long Blades    | 4 10 13 16 18 21 22 | 22.9
Dodging        | |  2.1

Action                     |  1- 3 |  4- 6 |  7- 9 | 10-12 | 13-15 | 16-18 || total
---------------------------+-------+-------+-------+-------+-------+-------++-------
  Melee: Hand axe          |   151 |   107 |    50 |       |       |       ||   308
         Headbutt          |    33 |    13 |    32 |    96 |   190 |   170 ||   534
         Punch             |     2 |       |     4 |     6 |       |       ||    12
         War axe           |       |       |   145 |   268 |       |       ||   413
         Great sword       |       |       |       |    49 |   885 |   736 ||  1670
         Broad axe         |       |       |       |    97 |    27 |       ||   124
         Battleaxe         |       |       |       |    21 |       |       ||    21
  Throw: Dart              |       |       |       |     2 |       |       ||     2
 Invoke: Berserk           |     1 |     1 |     4 |    10 |    19 |    19 ||    54
         Trog's Hand       |       |       |       |     8 |     9 |    10 ||    27
         Brothers in Arms  |       |       |       |     1 |       |       ||     1
  Evoke: Wand              |       |       |       |       |     8 |       ||     8
    Use: Scroll            |     3 |    14 |     4 |       |    13 |     4 ||    38
         Potion            |       |       |       |     4 |     5 |    10 ||    19
 Armour: Animal skin       |    15 |       |       |       |       |       ||    15
         Plate armour      |    14 |    74 |   193 |   516 |   947 |   724 ||  2468
         Skin              |       |       |       |       |     4 |       ||     4
  Dodge: Dodged            |    45 |    47 |    76 |   280 |   431 |   329 ||  1208
